 Dungeon Crawl Stone Soup version 0.31.0-11-ge490571c62 (webtiles) character file.

Game seed: 10059976496165572423

12534 Flugkiller the Severer (level 11, -12/102 HPs)
             Began as a Minotaur Fighter on Jan 29, 2024.
             Was a High Priest of Okawaru.
             Killed from afar by a wretched star (23 damage)
             ... with a lance of force
             ... on level 2 of the Abyss.
             The game lasted 00:04:40 (9127 turns).

Flugkiller the Severer (Minotaur Fighter)           Turns: 9127, Time: 00:04:41

Health: -12/102    AC: 15    Str: 24    XL:     11   Next: 63%
Magic:  13/13      EV:  8    Int:  5    God:    Okawaru [*****.]
Gold:   554        SH:  0    Dex: 17    Spells: 10/10 levels left

rFire   + . .        v - +8 frozen axe "Frostbite" {freeze, freezing cloud, *Noise Fly rC+}
rCold   + . .        (shield currently unavailable)
rNeg    . . .        e - +0 plate armour
rPois   .            (helmet restricted)
rElec   .            (no cloak)
rCorr   .            l - +0 pair of gloves
SInv    .            (no boots)
Will    .....        i - amulet of faith Stlth
                     p - +6 ring of dexterity
HPRegen 0.37/turn    f - ring of protection from fire
MPRegen 0.13/turn

%: faith
@: flying, slowed, very slow
A: horns 2, retaliatory headbutt
a: Renounce Religion, Heroism, Finesse, Duel


You were on level 2 of the Abyss.
You worshipped Okawaru.
Okawaru was extremely pleased with you.
You visited 2 branches of the dungeon, and saw 10 of its levels.
You visited the Abyss 1 time.
You also visited: Bailey.

You collected 554 gold pieces.

Inventory:

Hand Weapons
 v - the +8 frozen axe "Frostbite" (weapon) {freeze, freezing cloud, *Noise Fly rC+}
   (You found it in a bailey)

   rC+:       It protects you from cold.
   Fly:       It grants you flight.
   *Noise:    It may make a loud noise when swung.
 w - a +1 war axe of electrocution
   (You took it off an orc on level 4 of the Dungeon)
Missiles
 j - 3 throwing nets (quivered)
Armour
 c - a +0 buckler
 e - a +0 plate armour (worn)
   (You took it off an orc warrior on level 6 of the Dungeon)
 l - a +0 pair of gloves (worn)
   (You found it on level 6 of the Dungeon)
Jewellery
 f - a ring of protection from fire (right hand)
   (You took it off a kobold on level 4 of the Dungeon)
 i - an amulet of faith (around neck)
   (You found it on level 3 of the Dungeon)
 p - a +6 ring of dexterity (left hand)
   (You found it on level 3 of the Dungeon)
Wands
 u - a wand of roots (2)
   (You took it off an orc on level 4 of the Dungeon)
 y - a wand of paralysis (20)
   (You found it on level 7 of the Dungeon)
Scrolls
 b - 3 scrolls of immolation
 n - a scroll of revelation
 r - 3 scrolls of identify
 s - a scroll of enchant armour {unknown}
 t - a scroll of silence
 z - 2 scrolls of blinking
 B - 3 scrolls of torment {unknown}
 C - 4 scrolls of fear {unknown}
 E - a scroll of teleportation {unknown}
Potions
 a - 2 potions of attraction
 d - a potion of resistance {unknown}
 g - a potion of brilliance {unknown}
 h - a potion of haste
 k - 2 potions of heal wounds {unknown}
 m - a potion of magic {unknown}
 o - a potion of ambrosia
 x - 2 potions of berserk rage {unknown}
 A - a potion of invisibility
 D - a potion of mutation {unknown}


   Skills:
 + Level 11.1 Fighting
 * Level 15.7 Axes
 + Level 8.6 Armour
 + Level 3.0 Dodging
 - Level 7.7 Shields
 + Level 4.8 Invocations


You had 10 spell levels left.
You didn't know any spells.
Your spell library contained the following spells:

 Spells                   Type           Power      Damage    Failure   Level
 Mercury Vapours          Alch/Air       0%         N/A       100%        2
 Sublimation of Blood     Necr           0%         N/A       100%        2
 Fugue of the Fallen      Necr           0%         N/A       100%        3
 Mephitic Cloud           Conj/Alch/Air  0%         N/A       100%        3
 Ozocubu's Armour         Ice            0%         N/A       100%        3
 Manifold Assault         Tloc           0%         N/A       100%        4
 Freezing Cloud           Conj/Ice/Air   0%         6-21      100%        5
 Call Imp                 Summ           Unusable   N/A       N/A         2
 Summon Hydra             Summ           Unusable   N/A       N/A         7

Dungeon Overview and Level Annotations

Branches:
Dungeon (9/15)             Temple (1/1) D:5          Bailey (visited)
   Lair: D:8-11         Orc: D:9-12

Altars:
Ashenzari
Cheibriados
Dithmenos
Elyvilon
Fedhas
Gozag
Hepliaklqana
Kikubaaqudgha
Makhleb
Nemelex Xobeh
Okawaru
Qazlal
Ru
Sif Muna
Trog
Uskayaw
Vehumet
Wu Jian
Xom
Yredelemnul
Zin
The Shining One

Shops:
D:4 *

Annotations:
D:6 3 runed translucent doors, Scuka's ghost, novice DrCj
D:7 3 runed translucent doors, Amaterasu's ghost, novice TrSh; inmateoo's ghost, novice HuDe
D:9 Erolcha


Innate Abilities, Weirdness & Mutations

You have a pair of horns on your head.
You reflexively headbutt those who attack you in melee.


Message History

A yak comes into view.
You hear a shout!
There are monsters nearby!
You hit the yak. You freeze the yak. Your headbutt misses the yak.
The yak is lightly wounded.
The yak is engulfed in freezing vapours.
The yak gores you!
Erolcha the Cunning comes into view.
She is wielding a +0 giant club.
There are monsters nearby!
You slice the yak!! You freeze the yak.
The yak is severely wounded.
The yak is engulfed in freezing vapours.
The yak closely misses you.
You slice the yak!! You freeze the yak.
You kill the yak!
Okawaru accepts your kill.
Erolcha points at you and mumbles some strange words.
The fireball explodes!
The fireball engulfs you. You resist.
You hear a sizzling sound!
The yak gores you!
You slash the yak! You freeze the yak. You headbutt the yak!
The yak is severely wounded.
The yak barely misses you. You furiously retaliate!
You headbutt the yak.
Erolcha gestures wildly while chanting.
Erolcha flickers and vanishes!
Deactivating autopickup; reactivate with Ctrl-A.
You slash the yak! You freeze the yak.
You kill the yak!
Okawaru accepts your kill.
You barely miss the yak. The yak barely misses you.
You closely miss the yak. You headbutt the yak!
The yak is moderately wounded.
The yak gores you but does no damage.
You closely miss the yak.
The yak is moderately wounded.
You closely miss something. The yak barely misses you.
You hear some strange, mumbled words.
The yak barely misses you. You furiously retaliate!
You headbutt the yak. You slice the yak!! You freeze the yak!
You kill the yak!
Okawaru accepts your kill.
No target in view!
No target in view!
You see here a yak corpse.
You see here a yak corpse.
You completely miss something. Your headbutt misses something.
You hear some strange, mumbled words.
You are cast into the Abyss!
This branch contains the abyssal rune of Zot.
Reactivating autopickup.
Found a sparkling altar of Nemelex Xobeh.
Unknown command.
Unknown command.
There is a sparkling altar of Nemelex Xobeh here.
A freezing wraith comes into view.
A freezing wraith is nearby!
Unknown command.
You slash the freezing wraith!
The freezing wraith is moderately damaged.
The freezing wraith hits you! The freezing wraith freezes you! You resist.
The freezing wraith hits you. The freezing wraith drains your vigour!
You feel yourself slow down.
You slice the freezing wraith!!
You headbutt the freezing wraith, but do no damage.
The freezing wraith is severely damaged.
The freezing wraith hits you! The freezing wraith freezes you! You resist.
The freezing wraith hits you. The freezing wraith drains your vigour!
You feel as though you will be slow longer.
You hit the freezing wraith but do no damage.
The freezing wraith is severely damaged.
The freezing wraith hits you! The freezing wraith freezes you! You resist.
The freezing wraith hits you but does no damage.
The freezing wraith barely misses you. The freezing wraith hits you.
The freezing wraith drains your vigour!
You feel as though you will be slow longer.
You slash the freezing wraith!
The freezing wraith is almost destroyed.
The freezing wraith hits you!
* * * LOW HITPOINT WARNING * * *
The freezing wraith freezes you. You resist.
* * * LOW HITPOINT WARNING * * *
The freezing wraith hits you but does no damage.
The freezing wraith hits you!
* * * LOW HITPOINT WARNING * * *
The freezing wraith freezes you! You resist.
* * * LOW HITPOINT WARNING * * *
The freezing wraith hits you but does no damage.
You are too injured to fight recklessly!
Unknown command.
You slice the freezing wraith!!
You destroy the freezing wraith!
Okawaru accepts your kill.
Your Dodging skill increases to level 3!
Unknown command.
A wretched star comes into view.
Unknown command.
You feel better.
The wretched star glows turbulently.
The lance of force hits you!!
You die...

. .# ## ##.#.###
#....#. .*#.. #...
#..# ##.@# #. . ##
#...###.#....
#............ #
......#_..........
#.#..##...§W.....#
#...# #.....§..#..
..###..........# #
# ##.........#
#..........#


You could see a wretched star and a freezing wraith.

Vanquished Creatures
  The ghost of Arcadio the Ducker, a novice DjFE (D:5)
  An orc knight (Bailey)
  A freezing wraith (Abyss:2)
  2 trolls
  Sigmund (D:5)
  10 yaks
  Grum (D:8)
  Eustachio (D:5)
  2 steam dragons (D:7)
  A water moccasin (D:5)
  15 orc warriors
  A black bear (D:5)
  A sky beast (D:7)
  4 wolves (D:8)
  2 ogres (D:5)
  A centaur (D:7)
  A phantom (D:4)
  A bullfrog (D:7)
  5 scorpions
  8 killer bees
  3 bombardier beetles
  A howler monkey (D:6)
  5 orc priests
  3 jellies
  4 hounds (D:5)
  6 iguanas
  4 orc wizards
  Robin (D:2)
  4 gnolls (D:5)
  11 adders
  2 shadow imps
  A white imp (D:5)
  2 ufetubi (D:6)
  2 dart slugs
  4 ribbon worms
  32 orcs
  5 ball pythons
  6 bats
  2 endoplasms
  3 giant cockroaches
  15 goblins
  13 hobgoblins
  4 jackals (D:4)
  10 kobolds
  5 quokkas
  3 frilled lizards (D:1)
  3 rats (D:1)
214 creatures vanquished.

Notes
Turn   | Place    | Note
-------+----------+-------------------------------------------
     0 | D:1      | Flugkiller the Minotaur Fighter began the quest for the
                  | Orb.
     0 | D:1      | Reached XP level 1. HP: 19/19 MP: 0/0
     4 | D:1      | You fall into a shaft and drop 1 floor!
   112 | D:2      | Reached XP level 2. HP: 25/27 MP: 1/1
   142 | D:2      | Reached skill level 3 in Axes
   204 | D:1      | Reached XP level 3. HP: 33/33 MP: 2/2
  1198 | D:2      | Noticed Robin
  1201 | D:2      | Reached XP level 4. HP: 41/41 MP: 3/3
  1219 | D:2      | Killed Robin
  1389 | D:2      | Reached skill level 4 in Axes
  1989 | D:3      | Noticed a scorpion
  1994 | D:3      | Killed a scorpion
  1995 | D:3      | Reached skill level 5 in Fighting
  1995 | D:3      | Reached XP level 5. HP: 40/48 MP: 4/4
  2221 | D:3      | HP: 1/48 [orc priest/divine providence (11)]
  2572 | D:3      | Reached XP level 6. HP: 53/56 MP: 5/5
  2900 | D:4      | Reached skill level 5 in Axes
  2938 | D:4      | Found Oblo Qick's Elemental Accessories.
  2945 | D:4      | Reached skill level 5 in Armour
  3056 | D:4      | Reached XP level 7. HP: 64/64 MP: 6/6
  3075 | D:4      | Reached skill level 5 in Shields
  3675 | D:4      | Reached skill level 6 in Axes
  3989 | D:5      | Entered Level 5 of the Dungeon
  4221 | D:5      | Noticed Eustachio
  4474 | D:5      | Found a runed translucent door.
  4479 | D:5      | Killed Eustachio
  4480 | D:5      | Reached skill level 7 in Axes
  4480 | D:5      | Reached XP level 8. HP: 55/74 MP: 7/7
  4488 | D:5      | Found a staircase to the Ecumenical Temple.
  4499 | Temple   | Entered the Ecumenical Temple
  4511 | Temple   | Became a worshipper of Warmaster Okawaru
  4586 | D:5      | Noticed Arcadio's ghost (novice DjFE)
  4734 | D:5      | Noticed a troll
  4739 | D:5      | Reached skill level 1 in Invocations
  4748 | D:5      | Reached * piety under Okawaru
  4750 | D:5      | Killed a troll
  4751 | D:5      | Reached skill level 8 in Axes
  4955 | D:5      | Noticed Sigmund
  4969 | D:5      | Killed Sigmund
  4969 | D:5      | Reached ** piety under Okawaru
  5451 | D:5      | Killed Arcadio's ghost
  5451 | D:5      | Reached *** piety under Okawaru
  5452 | D:5      | Reached XP level 9. HP: 22/83 MP: 7/9
  5673 | D:6      | Reached skill level 9 in Axes
  5861 | D:6      | Found a basalt altar of Yredelemnul.
  6033 | D:6      | Found a runed translucent gate.
  6033 | D:6      | Found a runed translucent gate.
  6034 | D:6      | Found a runed translucent gate.
  6037 | D:6      | Noticed Scuka's ghost (novice DrCj)
  6414 | D:7      | Found a shimmering altar of Xom.
  6415 | D:7      | Found a sacrificial altar of Ru.
  6416 | D:7      | Found an ancient bone altar of Kikubaaqudgha.
  6417 | D:7      | Found a snail-covered altar of Cheibriados.
  6466 | D:7      | Found a blossoming altar of Fedhas.
  6499 | D:7      | Found a runed translucent gate.
  6499 | D:7      | Found a runed translucent gate.
  6499 | D:7      | Found a runed translucent gate.
  6501 | D:7      | Noticed inmateoo's ghost (novice HuDe)
  6501 | D:7      | Noticed Amaterasu's ghost (novice TrSh)
  6514 | D:7      | Reached **** piety under Okawaru
  6542 | D:7      | Found a flagged portal.
  6555 | Bailey   | Entered a bailey
  6575 | Bailey   | Reached skill level 10 in Fighting
  6793 | Bailey   | Reached XP level 10. HP: 71/93 MP: 11/11
  6938 | Bailey   | Reached skill level 10 in Axes
  7106 | Bailey   | Found the +8 frozen axe "Frostbite" {freeze, freezing
                  | cloud, *Noise Fly rC+}
  7114 | Bailey   | Noticed an orc knight
  7129 | Bailey   | Killed an orc knight
  7129 | Bailey   | Reached ***** piety under Okawaru
  7130 | Bailey   | Reached skill level 1 in Dodging
  7144 | Bailey   | Reached skill level 15 in Axes
  7144 | Bailey   | Reached XP level 11. HP: 80/101 MP: 13/13
  8021 | D:8      | Noticed Grum
  8028 | D:8      | Killed Grum
  8216 | D:8      | Found a burning altar of Makhleb.
  8411 | D:8      | Found a glowing silver altar of Zin.
  8442 | D:8      | Found a stormy altar of Qazlal.
  8842 | D:9      | Received a gift from Okawaru
  9054 | D:9      | Noticed Erolcha
  9066 | Abyss:2  | Found a sparkling altar of Nemelex Xobeh.
  9066 | Abyss:2  | Cast into level 2 of the Abyss (Erolcha)
  9122 | Abyss:2  | HP: 2/102 [freezing wraith (9)]
  9125 | Abyss:2  | Noticed a wretched star
  9127 | Abyss:2  | Killed from afar by a wretched star

Illustrated notes

Levels and vault maps discovered:
D:1:      grunt_arrival_lava_bath, layout_loops_cross
D:2:      layout_basic, minmay_tetromino_t2, uniq_robin
D:3:      layout_basic
D:4:      layout_basic, serial_library_hellmonk_small_alcove,
          nicolae_elemental_shop
D:5:      layout_cave_pools, minmay_temple_entry_stoned_glass,
          ebering_ghost_sewer_d, skrybe_limestone_x, minmay_chambers_of_fives,
          uniq_sigmund, uniq_eustachio
D:6:      layout_basic, general_overflow_altar, gammafunk_ghost_necromancy
D:7:      layout_loops_ring, mainiacjoe_overflow_alcove_3, fedhas_altar_4,
          enter_bailey_5, gammafunk_ghost_cemetery,
          chequers_serial_rivers_large_a
D:8:      layout_rooms, old_standard_altar, lemuel_doored_altar,
          mainiacjoe_overflow_cross_hatched, nrook_pool_corridor, uniq_grum
D:9:      layout_layer_cave, lair_entry_dummy, ebering_ghost_inner_flame,
          hangedman_weighted_door, uniq_erolcha, uniq_erica
Temple:   nicolae_temple_god_jail
Abyss:2:  base: D:5, abyss_greek_temple

Skill      XL: |  1  2  3  4  5  6  7  8  9 10 11 |
---------------+----------------------------------+-----
Fighting       | 4 5 6 7 9 10 11 | 11.1
Axes           | 3 4 5 7 8 9 15 | 15.7
Armour         | 4 5 7 8 |  8.6
Shields        | 4 5 6 7 |  7.7
Invocations    | 2 3 4 |  4.8
Dodging        | 1 3 |  3.0

Action                     |  1- 3 |  4- 6 |  7- 9 | 10-12 || total
---------------------------+-------+-------+-------+-------++-------
  Melee: War axe           |    85 |    80 |   202 |    26 ||   393
         Headbutt          |    10 |    16 |    34 |    21 ||    81
         Executioner's axe |       |       |       |    64 ||    64
 Invoke: Heroism           |       |       |     1 |     1 ||     2
    Use: Potion            |       |     1 |     7 |     2 ||    10
         Scroll            |       |       |    12 |       ||    12
   Stab: Invisible         |       |       |     1 |       ||     1
 Armour: Scale mail        |    58 |    57 |    93 |       ||   208
         Plate armour      |       |       |    61 |   110 ||   171
  Dodge: Dodged            |    34 |    42 |    88 |    35 ||   199
  Block: Buckler           |    20 |    24 |    66 |     3 ||   113
